 Dungeon Crawl Stone Soup version 0.17.0-28-g6e173f8 (webtiles) character file.

3139 HandofTrog the Basher (level 9, -3/76 HPs)
             Began as a Demonspawn Necromancer on Nov 29, 2015.
             Was a Follower of Ashenzari.
             Slain by a molten gargoyle
             ... wielding a +0 mace
              (15 damage)
             ... on level 9 of the Dungeon on Nov 30, 2015.
             The game lasted 00:36:31 (11157 turns).

HandofTrog the Basher (Demonspawn Necromancer)     Turns: 11157, Time: 00:36:31

Health: -3/76      AC: 12    Str: 11    XL:     9   Next: 61%
Magic:  12/12      EV: 11    Int: 19    God:    Ashenzari [*.....]
Gold:   254        SH:  0    Dex: 18    Spells: 3 memorised, 4 levels left

rFire  . . .     SeeInvis .     T - +1 great mace (drain)
rCold  . . .     Clarity  .     o - +0 ring mail
rNeg   . . .     SustAt   .     (shield currently unavailable)
rPois  .         Gourm    .     (helmet restricted)
rElec  .         Spirit   .     q - +1 cloak
rCorr  +         Warding  .     j - +0 pair of gloves
rMut   .         Stasis   .     (no boots)
MR     .....                    (no amulet)
Stlth  +.........               P - +3 ring of intelligence
                                I - +3 ring of dexterity

@: not resistant to hostile enchantments, very unstealthy
A: antennae 1, yellow scales 3
a: Scrying, Renounce Religion


You were on level 9 of the Dungeon.
You worshipped Ashenzari.
Ashenzari was aware of your devotion.
You were not hungry.

You visited 2 branches of the dungeon, and saw 10 of its levels.

You collected 429 gold pieces.
You spent 175 gold pieces at shops.

Inventory:

Hand Weapons
 d - a +0 dagger
 h - a +2 mace of crushing
 m - a +0 mace
 r - a +2 whip of electrocution
 B - a +1 dire flail
 T - a +1 great mace of draining (weapon)
Missiles
 f - 139 stones
 g - 8 tomahawks (quivered)
 y - 2 exploding tomahawks
Armour
 a - a +0 robe
 e - a +0 leather armour
 j - a +0 pair of gloves (worn)
 o - a +0 ring mail (worn)
 q - a +1 cloak (worn)
 u - a +0 helmet
 C - a +0 chain mail
Jewellery
 n - an uncursed ring of protection from fire
 H - an uncursed ring of flight
 I - a +3 ring of dexterity (left hand)
 P - a +3 ring of intelligence (right hand)
Wands
 c - a wand of frost (22)
Scrolls
 i - a scroll of random uselessness
 k - a scroll of enchant weapon
 s - a scroll of recharging {unknown}
 w - 3 scrolls of teleportation
 x - 2 scrolls of remove curse
 G - 2 scrolls of magic mapping {unknown}
 M - a scroll of immolation {unknown}
 Q - 2 scrolls of blinking {unknown}
 R - a scroll of vulnerability {unknown}
Potions
 l - a potion of curing
 z - a potion of berserk rage
 E - a potion of flight
 F - a potion of haste
 K - a potion of agility
 O - a potion of poison {unknown}
Books
 b - a book of Necromancy

   Spells                             Type                      Level
   a - Pain                           Necromancy                   1
   b - Animate Skeleton               Necromancy                   1
   c - Vampiric Draining              Necromancy                   3
   d - Regeneration                   Charms/Necromancy            3
   e - Animate Dead                   Necromancy                   4
   f - Control Undead                 Necromancy                   4
Miscellaneous
 J - a plain deck of summoning
Comestibles
 p - 3 meat rations
 v - 5 beef jerkies
 A - 5 bread rations
 D - 4 fruits
 L - 8 slices of pizza
 S - 8 chunks of flesh


   Skills:
 - Level 9.0 Fighting
 + Level 9.2 Maces & Flails
 - Level 1.7 Dodging
 - Level 1.7 Stealth
 - Level 2.0 Spellcasting
 - Level 4.3 Necromancy


You had 4 spell levels left.
You knew the following spells:

 Your Spells              Type           Power        Failure   Level  Hunger
a - Pain                  Necr           ###.         10%         1    #......
b - Regeneration          Chrm/Necr      ##........   56%         3    ###....
c - Animate Dead          Necr           N/A          78%         4    #####..


Dungeon Overview and Level Annotations

Branches:
Dungeon (9/15)             Temple (1/1) D:4            Lair (0/8) D:8
    Orc: D:9-12

Altars:
Ashenzari
Cheibriados
Dithmenos
Elyvilon
Fedhas
Gozag
Kikubaaqudgha
Makhleb
Nemelex Xobeh
Okawaru
Qazlal
Ru
Sif Muna
Trog
Vehumet
Xom
Yredelemnul
Zin
The Shining One

Shops:
D:9 (


Innate Abilities, Weirdness & Mutations

You have a pair of small antennae on your head.
You are completely covered in yellow scales (AC +4, rCorr).


Message History

You feel a bit more experienced.
There is an open door, spattered with blood here.
Things that are here:
an uncursed dagger; an uncursed robe; an orc corpse You start resting.
Drink which item? (? for menu, Esc to quit)
You feel very mighty all of a sudden.
You see here an uncursed trident.
The molten gargoyle blasts magma at you!
The bolt of magma hits you!
* * * LOW HITPOINT WARNING * * *
Drink which item? (? for menu, Esc to quit)
It was a potion of cancellation.
Your magical effects are unravelling.
You feel magically purged.
You feel a little less mighty now.
You bludgeon the molten gargoyle!!
The molten gargoyle is almost destroyed.
The molten gargoyle hits you with a mace!
You die...

#....# #....# #....#
#....# #..†.###
#......# ##)###9#
#.))#.# ####### .....
########@#.##.......
[..
#........9..#.......
...
#....∩#.....').....#
...
##.....#.....#.....#.
#.#
##.........#.##..$.$.#
#.# #....†...###.#
.....#. #.# #........#
#.. ......#
##.####........#
#.....##.#§
......#.###....#
##.#### ..#


You could see a molten gargoyle.

Vanquished Creatures
  2 yaks
  Sigmund (D:6)
  A human (D:7)
  Edmund (D:5)
  A water moccasin (D:7)
  An orc warrior (D:7)
  An ice beast (D:5)
  5 ogres
  A centaur (D:3)
  Blork the orc (D:5)
  A giant frog (D:9)
  A scorpion (D:9)
  3 wights (D:7)
  A giant frog zombie (D:5)
  An iguana (D:6)
  4 orc priests
  A jelly (D:5)
  A giant frog skeleton (D:8)
  Crazy Yiuf (D:4)
  A gnoll shaman (D:4)
  3 crimson imps
  A centaur skeleton (D:5)
  4 hounds
  8 orc wizards
  5 worker ants
  A killer bee zombie (D:8)
  3 sheep (D:7)
  2 hound skeletons (D:5)
  A worker ant zombie (D:6)
  2 river rats (D:8)
  15 adders
  6 gnolls (D:4)
  2 adder zombies
  An ooze (D:1)
  3 worms (D:2)
  3 adder skeletons
  2 giant geckos
  30 orcs
  4 ball pythons
  6 giant cockroaches
  7 goblins
  6 hobgoblins
  3 jackals
  4 quokkas
  9 bats
  2 giant gecko zombies
  17 giant newts
  9 kobolds
  A quokka zombie (D:8)
  12 rats
202 creatures vanquished.

Vanquished Creatures (others)
  3 fungi (D:8)
  2 plants (D:8)
5 creatures vanquished.

Grand Total: 207 creatures vanquished

Notes
Turn   | Place    | Note
--------------------------------------------------------------
     0 | D:1      | HandofTrog the Demonspawn Necromancer began the quest for the Orb.
     0 | D:1      | Reached XP level 1. HP: 13/13 MP: 3/3
   304 | D:1      | Reached skill level 1 in Fighting
   547 | D:1      | Gained mutation: You are partially covered in yellow scales (AC +2). [demonic ancestry]
   547 | D:1      | Reached XP level 2. HP: 16/21 MP: 0/5
  1028 | D:1      | Reached XP level 3. HP: 25/28 MP: 2/6
  1857 | D:2      | HP: 2/43 [poisoned by an adder]
  1865 | D:2      | HP: 1/43 [poisoned by an adder]
  2310 | D:2      | Gained mutation: You are mostly covered in yellow scales (AC +3). [demonic ancestry]
  2310 | D:2      | Reached XP level 4. HP: 35/37 MP: 7/7
  3300 | D:3      | Gained mutation: You are completely covered in yellow scales (AC +4, rCorr). [demonic ancestry]
  3300 | D:3      | Reached XP level 5. HP: 15/43 MP: 4/8
  3303 | D:3      | HP: 2/43 [orc/mace (5)]
  3814 | D:3      | Reached skill level 5 in Fighting
  3884 | D:3      | Noticed a centaur
  3896 | D:3      | Killed a centaur
  4576 | D:4      | Found a staircase to the Ecumenical Temple.
  4581 | Temple   | Entered the Ecumenical Temple
  4685 | Temple   | Became a worshipper of Ashenzari the Shackled
  4716 | D:4      | Learned a level 3 spell: Regeneration
  4721 | D:4      | Learned a level 4 spell: Animate Dead
  4777 | D:4      | Reached XP level 6. HP: 50/52 MP: 9/9
  4780 | D:4      | Reached skill level 6 in Fighting
  5477 | D:4      | Reached skill level 7 in Fighting
  5808 | D:4      | Noticed Crazy Yiuf
  5814 | D:4      | Killed Crazy Yiuf
  5927 | D:5      | Entered Level 5 of the Dungeon
  5934 | D:5      | Reached XP level 7. HP: 56/60 MP: 10/10
  5952 | D:5      | Noticed Blork the orc
  5964 | D:5      | Killed Blork the orc
  6135 | D:5      | Reached skill level 8 in Fighting
  6703 | D:5      | Noticed Edmund
  6722 | D:5      | Killed Edmund
  6722 | D:5      | Reached skill level 9 in Fighting
  6910 | D:5      | Reached skill level 1 in Maces & Flails
  6910 | D:5      | Gained mutation: You have a pair of small antennae on your head. [demonic ancestry]
  6910 | D:5      | Reached XP level 8. HP: 39/71 MP: 11/11
  7832 | D:6      | Noticed Sigmund
  7843 | D:6      | Killed Sigmund
  7983 | D:6      | Reached skill level 5 in Maces & Flails
  7985 | D:6      | Reached * piety under Ashenzari
  9175 | D:7      | Reached XP level 9. HP: 35/76 MP: 12/12
  9694 | D:7      | Found a sparkling altar of Nemelex Xobeh.
 10364 | D:8      | Found a shadowy altar of Dithmenos.
 10448 | D:8      | Found a staircase to the Lair.
 10611 | D:8      | Found a glowing golden altar of the Shining One.
 10670 | D:8      | Found a burning altar of Makhleb.
 11017 | D:9      | Found Lureicefusk's Antique Weapon Shop.
 11036 | D:9      | Bought a glowing great mace for 175 gold pieces
 11120 | D:9      | Noticed a molten gargoyle
 11157 | D:9      | Slain by a molten gargoyle

Action                   |  1- 3 |  4- 6 |  7- 9 || total
-------------------------+-------+-------+-------++-------
Melee: Dagger            |    87 |       |       ||    87
       Mace              |    44 |   227 |    77 ||   348
       Dire flail        |       |       |   353 ||   353
       Great mace        |       |       |    36 ||    36
Throw: Stone             |       |     9 |       ||     9
       Tomahawk          |       |     3 |    13 ||    16
 Cast: Pain              |    40 |    18 |    14 ||    72
  Use: Potion            |     3 |     2 |     3 ||     8
       Scroll            |       |       |     8 ||     8
 Stab: Sleeping          |     2 |     2 |     4 ||     8
  Eat: Chunk             |     2 |     8 |    10 ||    20
       Bread ration      |     1 |     1 |       ||     2
       Pizza             |       |       |     1 ||     1
       Meat ration       |       |       |     1 ||     1
